 Dungeon Crawl Stone Soup version 0.25-a0-937-gcfae464cf3 (webtiles) character file.

Game seed: 6222833812791374274, levelgen mode: classic

447731 Amnesiac the Metallomancer (level 24, -15/188 HPs)
             Began as a Barachi Earth Elementalist on May 5, 2020.
             Was the Champion of Vehumet.
             Killed by a greater mummy's death curse (23 damage)
             ... on level 1 of the Tomb of the Ancients.
             The game lasted 02:40:17 (46488 turns).

Amnesiac the Metallomancer (BaEE)                  Turns: 46488, Time: 02:40:18

Health: -15/188    AC: 19    Str:  8      XL:     24   Next: 23%
Magic:  34/53      EV: 31    Int: 34 (35) God:    Vehumet [******]
Gold:   5621       SH: 18    Dex: 15      Spells: 13/57 levels left

rFire    . . .     SeeInvis +   a - staff of earth
rCold    . . .     Gourm    .   r - +5 kite shield {AC+3}
rNeg     . . .     Faith    .   x - +2 robe {MR+}
rPois    .         Spirit   .   Z - +2 helmet
rElec    .         Reflect  .   o - +2 cloak
rCorr    .         Harm     .   f - +2 pair of gloves
MR       ++...                  n - +2 pair of boots {Stlth+}
Stlth    ++++......             t - amulet "Xoxim Geu" {RegenMP Str-2 Int+10 SInv Stlth+}
HPRegen  0.41/turn              H - ring of magical power
MPRegen  0.58/turn              g - ring of Phasing {EV+8}

@: slow
A: +LOS, swims, deterioration 2, slowness 1, strong legs 2
}: 2/15 runes: barnacled, gossamer
a: Hop, Renounce Religion


You were on level 1 of the Tomb of the Ancients.
You worshipped Vehumet.
Vehumet was exalted by your worship.
You were not hungry.

You visited 10 branches of the dungeon, and saw 41 of its levels.
You also visited: Gauntlet.

You collected 7151 gold pieces.
You spent 1530 gold pieces at shops.

Inventory:

Armour
 f - a +2 pair of gloves (worn)
 n - a +2 pair of boots of stealth (worn)
 o - a +2 cloak (worn)
 r - a +5 kite shield of protection (worn)
 x - a +2 robe of magic resistance (worn)
 Z - a +2 helmet (worn)
Magical Staves
 a - an uncursed staff of earth (weapon)
Jewellery
 g - the ring of Phasing (right hand) {EV+8}
   (You took it off a merfolk impaler on level 4 of the Shoals)

   [ring of evasion]

   It affects your evasion (+8).
 t - the amulet "Xoxim Geu" (around neck) {RegenMP Str-2 Int+10 SInv Stlth+}
   (You acquired it on level 7 of the Dungeon)

   [amulet of magic regeneration]

   It increases your magic regeneration.
   It affects your strength (-2).
   It affects your intelligence (+10).
   It lets you see invisible.
   It makes you more stealthy.
 H - a ring of magical power (left hand)
 L - an uncursed ring of protection from cold
 Q - an uncursed ring of protection from fire
 T - an uncursed ring of flight
Wands
 c - a wand of acid (25)
 N - a wand of digging (20)
 W - a wand of clouds (4)
Scrolls
 i - 5 scrolls of fog {!r}
 k - 22 scrolls of teleportation {!r}
 m - a scroll of enchant armour {!r}
 w - 22 scrolls of identify {!r}
 y - 7 scrolls of blinking {!r}
 E - 3 scrolls of fear {!r}
 M - 9 scrolls of remove curse {!r}
 U - 4 scrolls of magic mapping {!r}
Potions
 e - 7 potions of magic {!q}
 h - 15 potions of curing {!q}
 s - a potion of invisibility {!q}
 z - 3 potions of brilliance {!q}
 A - 5 potions of might {!q}
 B - 3 potions of resistance {!q}
 D - 8 potions of heal wounds {!q}
 I - 8 potions of haste {!q}
 K - 2 potions of cancellation {!q}
 R - 2 potions of mutation {!q}
Miscellaneous
 j - a lightning rod (4/4)
 l - a phial of floods
 p - 4 phantom mirrors
 P - 2 boxes of beasts
Comestibles
 d - 36 rations


   Skills:
 - Level 15.0 Fighting
 - Level 12.0 Staves
 - Level 15.0 Dodging
 - Level 2.0 Stealth
 - Level 15.0 Shields
 + Level 17.3 Spellcasting
 - Level 2.0 Transmutations
 * Level 24.5 Earth Magic
 - Level 10.0 Evocations


You had 13 spell levels left.
You knew the following spells:

 Your Spells              Type           Power        Failure   Level  Hunger
a - Iron Shot             Conj/Erth      ########..   1%          6    None
b - Passwall              Tmut/Erth      ########     0%          2    None
c - Petrify               Tmut/Erth      ########     1%          4    None
d - Lee's Rapid Deconstr  Erth           ########..   0%          5    None
e - Borgnjor's Vile Clut  Necr/Erth      ########..   1%          5    None
f - Leda's Liquefaction   Hex/Erth       ########..   1%          4    None
g - Summon Lightning Spi  Summ/Air       ####....     12%         4    None
h - Irradiate             Conj/Tmut      #####.....   6%          5    None
w - Shatter               Erth           ########..   1%          9    ######.

Your spell library contained the following spells:

 Spells                   Type           Power        Failure   Level  Hunger
 Starburst                Conj/Fire      ####......   41%         6    None
 Sandblast                Erth           ######       0%          1    None
 Beastly Appendage        Tmut           #####.       1%          1    None
 Corona                   Hex            ####...      1%          1    None
 Foxfire                  Conj/Fire      ####         1%          1    None
 Infusion                 Chrm           ####         1%          1    None
 Magic Dart               Conj           ####         1%          1    None
 Sting                    Tmut/Pois      ####         1%          1    None
 Summon Small Mammal      Summ           ####         1%          1    None
 Call Imp                 Summ           ####....     1%          2    None
 Corpse Rot               Necr/Air       N/A          1%          2    None
 Ensorcelled Hibernation  Hex/Ice        ####..       1%          2    None
 Searing Ray              Conj           ####..       1%          2    None
 Shroud of Golubria       Chrm/Tloc      ####..       1%          2    None
 Slow                     Hex            ####....     1%          2    None
 Song of Slaying          Chrm           ####....     1%          2    None
 Sticks to Snakes         Tmut           #####...     1%          2    None
 Sublimation of Blood     Necr           ####......   1%          2    None
 Dazzling Flash           Conj/Hex       ####..       1%          3    None
 Inner Flame              Hex/Fire       ####....     1%          3    None
 Static Discharge         Conj/Air       ####....     1%          3    None
 Stone Arrow              Conj/Erth      ######       1%          3    None
 Bolt of Magma            Conj/Fire/Erth #######...   1%          5    None
 Statue Form              Tmut/Erth      ########.    1%          6    None
 Spider Form              Tmut/Pois      #####.....   2%          3    None
 Call Canine Familiar     Summ           ####....     3%          3    None
 Confusing Touch          Hex            ####....     3%          3    None
 Ozocubu's Armour         Chrm/Ice       ####....     3%          3    None
 Portal Projectile        Hex/Tloc       ####..       3%          3    None
 Spectral Weapon          Hex/Chrm       ####....     3%          3    None
 Summon Guardian Golem    Hex/Summ       ####....     3%          3    None
 Tukima's Dance           Hex            ####....     3%          3    None
 Vampiric Draining        Necr           ####......   3%          3    None
 Fulminant Prism          Conj/Hex       ####......   3%          4    None
 Iskenderun's Mystic Bla  Conj/Tloc      ####....     3%          4    None
 Ice Form                 Ice/Tmut       #####...     9%          4    None
 Fireball                 Conj/Fire      ####......   10%         5    None
 Lightning Bolt           Conj/Air       ####......   10%         5    None
 Animate Dead             Necr           N/A          12%         4    None
 Cause Fear               Hex            ####......   12%         4    None
 Dispel Undead            Necr           ####....     12%         4    None
 Summon Ice Beast         Ice/Summ       ####....     12%         4    None
 Lehudib's Crystal Spear  Conj/Erth      ########..   14%         8    #####..
 Blade Hands              Tmut           #####.....   16%         5    None
 Alistair's Intoxication  Tmut/Pois      #####...     22%         5    None
 Agony                    Necr           ####....     34%         5    None
 Aura of Abjuration       Summ           ####......   34%         5    None
 Excruciating Wounds      Chrm/Necr      ####......   34%         5    None
 Metabolic Englaciation   Hex/Ice        ####......   34%         5    None
 Silence                  Hex/Air        ####......   34%         5    None
 Summon Demon             Summ           ####......   34%         5    None
 Freezing Cloud           Conj/Ice/Air   ####......   41%         6    None
 Ozocubu's Refrigeration  Ice            ####......   41%         6    None
 Hydra Form               Tmut           #####.....   63%         6    None
 Darkness                 Hex            ####......   88%         6    None
 Death Channel            Necr           ####......   88%         6    None
 Shadow Creatures         Summ           N/A          88%         6    None
 Simulacrum               Ice/Necr       ####......   88%         6    None
 Dragon Form              Tmut           #####.....   99%         7    ###....
 Malign Gateway           Summ/Tloc      ####......   100%        7    ###....
 Monstrous Menagerie      Summ           ####......   100%        7    ###....
 Summon Greater Demon     Summ           ####......   100%        7    ###....
 Chain Lightning          Conj/Air       ####......   100%        8    #####..
 Ignition                 Fire           ####......   100%        8    #####..
 Necromutation            Tmut/Necr      #####.....   100%        8    #####..
 Summon Horrible Things   Summ           ####......   100%        8    #####..
 Absolute Zero            Ice            ####......   100%        9    ######.
 Dragon's Call            Summ           ####......   100%        9    ######.
 Fire Storm               Conj/Fire      ####......   100%        9    ######.
 Tornado                  Air            ####......   100%        9    ######.


Dungeon Overview and Level Annotations

Branches:
Dungeon (15/15)            Temple (1/1) D:6            Lair (6/6) D:8
 Shoals (4/4) Lair:2       Spider (4/4) Lair:3        Slime (0/5) Lair:5
    Orc (2/2) D:10            Elf (3/3) Orc:2        Vaults (2/5) D:13
  Crypt (3/3) Vaults:2       Tomb (1/3) Crypt:3      Depths (0/5) D:15
Gauntlet (visited)

Altars:
Ashenzari
Dithmenos
Elyvilon
Gozag
Hepliaklqana
Kikubaaqudgha
Makhleb
Nemelex Xobeh
Okawaru
Qazlal
Ru
Vehumet
Wu Jian
Xom
Yredelemnul
Zin

Shops:
D:11 [   Orc:2 }[=?   Elf:1 }(}:*   Elf:2 (   Elf:3 =

Portals:
Trove: Elf:2 (give 12 potions of heal wounds)

Annotations:
Lair:4 3 runed translucent doors, TrebMcFLY's ghost, journeyman OpFi
Elf:1 exclusion: downstairs


Innate Abilities, Weirdness & Mutations

You can be seen from farther away. (+LOS)
You can swim through water.
You cover ground slowly.
You can hop long distances.
Your body often deteriorates upon taking damage.


Message History

You feel a surge of power!
The dungeon rumbles!
You destroy the death scarab!
Vehumet accepts your kill.
You feel your dexterity returning.
You destroy the death scarab!
Vehumet accepts your kill.
You feel your power returning.
You destroy the death scarab!
Vehumet accepts your kill.
You destroy the death scarab!
Vehumet accepts your kill.
You destroy the death scarab!
Vehumet accepts your kill.
You feel your power returning.
You destroy the death scarab!
Vehumet accepts your kill.
You feel your power returning.
Ka-crash!
A death scarab comes into view.
The death scarab moves out of view.
You start resting.
A death scarab comes into view.
A greater mummy comes into view. x2
Casting: Shatter (dangerous; 1% risk of failure)
Confirm with . or Enter, or press ? or * to list all spells.
You feel a surge of power!
The dungeon rumbles!
You destroy the death scarab!
Vehumet accepts your kill.
The greater mummy is heavily damaged.
The greater mummy is moderately damaged.
Ka-crash!
A greater mummy comes into view.
Casting: Shatter (dangerous; 1% risk of failure)
Confirm with . or Enter, or press ? or * to list all spells.
You feel a surge of power!
The dungeon rumbles!
The greater mummy is moderately damaged.
The greater mummy is almost destroyed. x2
Ka-crash!
The greater mummy calls on the powers of darkness!
Your body is wracked with pain!
* * * LOW HITPOINT WARNING * * *
Unknown command.
Casting: Shatter (dangerous; 1% risk of failure)
Confirm with . or Enter, or press ? or * to list all spells.
You feel a surge of power!
The dungeon rumbles!
You destroy the greater mummy!
Vehumet accepts your kill.
You feel your dexterity returning.
The greater mummy is heavily damaged.
You destroy the greater mummy!
Vehumet accepts your kill.
You feel your power returning.
You feel your dexterity returning.
Ka-crash!
You feel extremely nervous for a moment...
Pain shoots through your body!!
* * * LOW HITPOINT WARNING * * *
Your body deteriorates!
You feel dopey.
You feel extremely nervous for a moment...
Pain shoots through your body!!
You die...

......†..)$.....†....
.....††..........†..!
.#......†#†......M##.
#.........†.........
.....................
.....................
.....................
.....................
............@........
.....................
# ...............##
.....#...#......#
.#.. ........##.. #.
#...#..#... # # ....
# ##... ##### ####


You could see a greater mummy.

Vanquished Creatures
  3 ancient liches (Crypt:3)
  8 greater mummies (Tomb:1)
  A curse toe (Crypt:3)
  Bai Suzhen (Shoals:4)
  Nikola (Spider:2)
  Jorgrun (D:15)
  Rupert (Lair:3)
  2 deep elf blademasters (Elf:3)
  4 liches
  2 deep elf master archers (Elf:3)
  Polyphemus (Shoals:3)
  5 ancient champions (Crypt:3)
  A revenant (Tomb:1)
  Roxanne (Shoals:4)
  Donald (Vaults:1)
  The ghost of Avuolin the Slicer, an adept HaHu of Okawaru (Shoals:1)
  6 vault wardens
  4 deep elf sorcerers
  Ilsuiw (Shoals:3)
  4 ghost moths (Spider:4)
  2 ghouls
  Aizul (Crypt:1)
  3 emperor scorpions
  2 reapers
  4 curse skulls
  3 deep elf elementalists (Elf:3)
  A war gargoyle (Vaults:1)
  2 stone giants
  The ghost of Arphuebamu the Grappler, a journeyman TrTm of Cheibriados (D:14)
  A very ugly thing (Vaults:2)
  6 vampire knights
  7 ironheart preservers
  3 entropy weavers
  5 deep elf demonologists
  5 deep elf annihilators
  A minotaur (Gauntlet)
  Azrael (Elf:1)
  3 spark wasps
  6 eidola
  9 merfolk javelineers
  2 fire dragons (Vaults:1)
  16 merfolk impalers
  8 deep elf death magi
  7 jiangshi
  6 yaktaur captains (Vaults:2)
  3 great orbs of eyes (Vaults:2)
  4 mummy priests (Tomb:1)
  2 rakshasas
  3 deep elf high priests
  Harold (D:8)
  A vault guard (Vaults:2)
  3 merfolk aquamancers (Shoals:4)
  4 merfolk avatars
  9 hydras
  4 catoblepae
  5 death knights
  3 satyrs
  10 centaur warriors
  22 death scarabs
  5 two-headed ogres
  7 vampire magi
  9 death yaks
  A deep troll earth mage (Vaults:2)
  4 ogre magi
  A tengu warrior (D:15)
  A titan zombie (Crypt:1)
  26 dancing weapons
  2 soul eaters (Crypt:3)
  5 orc high priests
  23 deep elf knights
  A shadow wraith (Crypt:3)
  A spectral hydra (Gauntlet)
  An entropy weaver zombie (Crypt:3)
  A deep troll (shapeshifter) (D:13)
  A ghost moth zombie (Crypt:3)
  2 glowing orange brains
  3 unseen horrors
  28 skeletal warriors
  8 deep trolls (Vaults:2)
  4 wizards
  2 flayed ghosts
  6 sea snakes
  2 golden dragon skeletons
  An obsidian statue (D:15)
  8 deep elf archers
  A lindwurm (Lair:3)
  10 phantasmal warriors
  8 ironbrand convokers
  2 necromancers
  A shadow dragon zombie (Crypt:1)
  2 harpies (Vaults:2)
  4 orc knights
  3 orc sorcerers
  23 orb spiders
  26 wolf spiders
  68 deep elf magi
  A spectral spriggan (D:14)
  A wolf spider zombie (D:13)
  A tengu skeleton (D:15)
  A stone giant zombie (D:15)
  2 oklob plants (Lair:3)
  8 ugly things
  A worldbinder (Gauntlet)
  A sphinx skeleton (Crypt:1)
  14 fauns
  4 moths of wrath
  16 manticores
  15 cyclopes
  2 fire giant zombies
  A shock serpent zombie (Crypt:1)
  10 merfolk sirens
  A black mamba (shapeshifter) (Elf:1)
  3 black mambas
  9 vault sentinels
  3 elephants (Lair:6)
  An eye of devastation (shapeshifter) (Elf:3)
  4 spiny frogs
  4 water nymphs
  Psyche (D:10)
  3 alligator snapping turtle zombies
  A gargoyle (D:12)
  5 komodo dragons
  A dire elephant skeleton (Crypt:3)
  25 yaktaurs
  23 demonic crawlers
  6 freezing wraiths
  A kobold demonologist (D:15)
  2 rime drakes (Lair:3)
  A sea snake zombie (Crypt:1)
  An entropy weaver simulacrum (Vaults:2)
  A yellow draconian skeleton (Crypt:3)
  A death yak skeleton (Crypt:1)
  4 trolls
  40 merfolk
  24 jumping spiders
  A tengu simulacrum (D:14)
  7 guardian mummies
  3 wind drakes
  10 hornets
  2 polar bears
  A wind drake (shapeshifter) (D:13)
  A guardian serpent zombie (Crypt:2)
  16 hippogriffs
  12 dream sheep
  12 snapping turtles
  A bog body (Crypt:2)
  15 slime creatures
  10 blink frogs
  10 water elementals
  4 spriggan zombies
  28 tarantellas
  2 iron dragon simulacra (Crypt:1)
  4 air elementals
  5 shadows
  9 flying skulls
  A spriggan (D:7)
  2 wyverns
  An ushabti (Tomb:1)
  A black mamba skeleton (Crypt:2)
  2 basilisks
  8 fire elementals
  82 redbacks
  16 humans (D:13)
  54 yaks
  5 wraiths
  A hungry ghost (D:11)
  A yaktaur simulacrum (D:14)
  A golden eye (shapeshifter) (Vaults:2)
  A human (shapeshifter) (Vaults:1)
  6 vampire mosquitoes
  4 wargs
  A spectral spiny frog (Gauntlet)
  3 hell hounds (Elf:1)
  10 water moccasins
  An acid dragon (Vaults:2)
  16 porcupines
  26 orc warriors
  A floating eye (shapeshifter) (D:11)
  A sky beast (D:15)
  A manticore zombie (Crypt:2)
  A hornet zombie (D:10)
  2 ice beasts
  An eye of draining (D:13)
  3 necrophages (Crypt:2)
  5 phantoms
  5 black bears
  A manticore skeleton (Crypt:2)
  19 ogres
  20 wolves
  A boggart (Gauntlet)
  20 centaurs
  A dream sheep skeleton (Crypt:1)
  19 crocodiles
  Blork the orc (D:4)
  A komodo dragon zombie (Crypt:3)
  A salamander zombie (Crypt:1)
  2 glowing shapeshifter simulacra (D:14)
  An ogre simulacrum (Vaults:1)
  19 bullfrogs
  8 earth elementals
  A water moccasin skeleton (Crypt:2)
  A wyvern skeleton (D:9)
  5 scorpions
  3 electric eels
  17 wights
  A troll skeleton (Crypt:1)
  4 howler monkeys
  9 crimson imps
  2 human simulacra
  A wolf skeleton (Crypt:1)
  4 centaur zombies
  3 bullfrog zombies
  5 hounds
  22 orc priests
  4 jellies
  31 orc wizards
  2 bullfrog skeletons
  3 centaur skeletons
  6 iguanas
  11 worker ants
  A demigod skeleton (Crypt:3)
  A deep dwarf skeleton (Crypt:1)
  3 hound skeletons
  A hound zombie (Crypt:2)
  15 mummies
  2 howler monkey zombies
  A gnoll (D:6)
  A steam dragon zombie (Crypt:2)
  11 adders
  A shadow imp (D:10)
  A swamp drake skeleton (Crypt:2)
  An ooze (D:1)
  6 worms
  4 dart slugs
  A leopard gecko (D:2)
  83 orcs
  5 bats
  7 giant cockroaches
  8 goblins
  6 hobgoblins
  2 jackals (D:4)
  2 quokkas
  A ball python zombie (Crypt:3)
  7 frilled lizards
  A giant cockroach zombie (D:6)
  A hobgoblin zombie (Crypt:3)
  2 jackal skeletons
  18 kobolds
  A leopard gecko skeleton (D:5)
  A leopard gecko zombie (Crypt:3)
  2 quokka skeletons
  11 rats
  A rat zombie (Crypt:2)
  5 fungi
  33 plants
  A withered plant (D:15)
1685 creatures vanquished.

Vanquished Creatures (collateral kills)
  A yak (Lair:6)
1 creature vanquished.

Vanquished Creatures (others)
  An orc wizard (Orc:2)
  25 fungi
  13 plants
  17 withered plants (Gauntlet)
56 creatures vanquished.

Grand Total: 1742 creatures vanquished

Notes
Turn   | Place    | Note
-------+----------+-------------------------------------------
     0 | D:1      | Amnesiac the Barachi Earth Elementalist began the quest for
                  | the Orb.
     0 | D:1      | Reached XP level 1. HP: 13/13 MP: 3/3
   140 | D:2      | Reached XP level 2. HP: 13/19 MP: 5/5
   144 | D:2      | Learned a level 2 spell: Passwall
   885 | D:4      | Reached XP level 3. HP: 22/24 MP: 2/7
  1096 | D:3      | Reached skill level 4 in Earth Magic
  1235 | D:4      | Reached XP level 4. HP: 28/30 MP: 5/8
  1434 | D:4      | HP: 1/30 [orc/+0 whip (2)]
  1637 | D:4      | Reached XP level 5. HP: 25/35 MP: 7/10
  1648 | D:4      | Learned a level 5 spell: Lee's Rapid Deconstruction
  1814 | D:4      | Reached skill level 5 in Earth Magic
  2058 | D:4      | Reached XP level 6. HP: 41/41 MP: 6/11
  2114 | D:4      | Noticed Blork the orc
  2124 | D:4      | Killed Blork the orc
  2766 | D:5      | Entered Level 5 of the Dungeon
  2797 | D:4      | Reached skill level 6 in Earth Magic
  2949 | D:5      | Learned a level 4 spell: Petrify
  3147 | D:5      | Reached XP level 7. HP: 40/46 MP: 11/13
  3712 | D:5      | Reached skill level 7 in Earth Magic
  3728 | D:5      | Reached skill level 5 in Spellcasting
  4706 | D:6      | Found a staircase to the Ecumenical Temple.
  4720 | D:6      | Reached skill level 1 in Evocations
  4733 | Temple   | Entered the Ecumenical Temple
  4762 | Temple   | Became a worshipper of Vehumet
  4874 | D:2      | Found an opulent altar of Gozag.
  5782 | D:2      | Found a shimmering altar of Xom.
  6170 | D:2      | Reached XP level 8. HP: 52/52 MP: 14/16
  6364 | D:3      | You fall into a shaft and drop 2 floors!
  6568 | D:3      | Reached * piety under Vehumet
  6568 | D:3      | Offered knowledge of Freeze by Vehumet.
  6890 | D:6      | Reached skill level 8 in Earth Magic
  7971 | D:7      | Reached skill level 9 in Earth Magic
  7978 | D:7      | Identified a scroll of acquirement {!r}
  7978 | D:7      | Identified the amulet "Xoxim Geu" {RegenMP Str-2 Int+10
                  | SInv Stlth+} (You acquired it on level 7 of the Dungeon)
  8266 | D:7      | Reached XP level 9. HP: 52/57 MP: 8/18
  8844 | D:8      | Reached skill level 10 in Earth Magic
  8868 | D:8      | Reached skill level 5 in Dodging
  9007 | D:8      | Found a staircase to the Lair.
  9031 | D:8      | Reached ** piety under Vehumet
  9031 | D:8      | Offered knowledge of Foxfire by Vehumet.
  9165 | D:8      | Reached XP level 10. HP: 60/63 MP: 21/21
  9579 | D:9      | Reached skill level 11 in Earth Magic
  9582 | D:9      | Reached skill level 1 in Fighting
 10146 | D:10     | Entered Level 10 of the Dungeon
 10146 | D:10     | Noticed Psyche
 10153 | D:10     | Killed Psyche
 10156 | D:10     | Offered knowledge of Ignite Poison by Vehumet.
 10317 | D:10     | Found a staircase to the Orcish Mines.
 10347 | D:10     | Reached skill level 1 in Shields
 10575 | D:10     | Found an iron altar of Okawaru.
 11164 | Orc:1    | Entered Level 1 of the Orcish Mines
 11186 | D:10     | Reached skill level 5 in Fighting
 11532 | Orc:1    | Reached *** piety under Vehumet
 11904 | Orc:2    | Entered Level 2 of the Orcish Mines
 12026 | Orc:2    | Offered knowledge of Mephitic Cloud by Vehumet.
 12029 | Orc:2    | Noticed an orc high priest
 12031 | Orc:2    | Killed an orc high priest
 12031 | Orc:2    | Reached XP level 11. HP: 81/81 MP: 7/23
 12036 | Orc:2    | Noticed an orc high priest
 12088 | Orc:2    | Learned a level 3 spell: Mephitic Cloud
 12326 | Orc:2    | Noticed an orc high priest
 12358 | Orc:2    | Reached **** piety under Vehumet
 12368 | Orc:2    | Noticed an orc sorcerer
 12370 | Orc:2    | Paralysed by an orc sorcerer for 3 turns
 12375 | Orc:2    | Killed an orc sorcerer
 12515 | Orc:2    | Found a staircase to the Elven Halls.
 12546 | Orc:2    | Noticed an orc high priest
 12557 | Orc:2    | Killed an orc high priest
 12557 | Orc:2    | Reached skill level 10 in Dodging
 12571 | Orc:2    | Killed an orc high priest
 12577 | Orc:2    | Killed an orc high priest
 12586 | Orc:2    | Offered knowledge of Lightning Bolt by Vehumet.
 13008 | Orc:1    | Noticed an orc sorcerer
 13010 | Orc:1    | Noticed an orc high priest
 13013 | Orc:1    | Noticed a soul eater
 13115 | Orc:2    | Found Fiemmezu's Magic Scroll Emporium.
 13115 | Orc:2    | Found Urghomyz's Gadget Shoppe.
 13115 | Orc:2    | Found Jysm's Armour Shoppe.
 13118 | Orc:2    | Found Mumaz's Jewellery Emporium.
 13121 | Orc:2    | Bought a scroll of fog for 28 gold pieces
 13405 | Orc:1    | Killed an orc high priest
 13493 | Orc:1    | Noticed a sun demon
 13494 | Orc:1    | Killed an orc sorcerer
 13655 | Orc:2    | Bought a +2 kite shield of protection for 258 gold pieces
 13655 | Orc:2    | Bought a +0 pair of boots for 54 gold pieces
 13661 | Orc:2    | Bought a scroll of blinking for 105 gold pieces
 13661 | Orc:2    | Bought a scroll of enchant armour for 105 gold pieces
 13661 | Orc:2    | Bought a scroll of identify for 28 gold pieces
 13661 | Orc:2    | Bought a scroll of blinking for 105 gold pieces
 13661 | Orc:2    | Bought a scroll of enchant armour for 105 gold pieces
 13661 | Orc:2    | Bought a scroll of identify for 28 gold pieces
 13661 | Orc:2    | Bought a scroll of blinking for 105 gold pieces
 13662 | Orc:2    | Bought an uncursed ring of magical power for 260 gold
                  | pieces
 13755 | Lair:1   | Entered Level 1 of the Lair of Beasts
 13760 | Lair:1   | Noticed an eight-headed hydra
 13766 | Lair:1   | Killed an eight-headed hydra
 13766 | Lair:1   | Reached XP level 12. HP: 88/88 MP: 5/24
 13870 | Lair:1   | Noticed Harold
 13894 | D:8      | Killed Harold
 13931 | Lair:1   | Reached skill level 5 in Shields
 14234 | Lair:1   | Reached ***** piety under Vehumet
 14266 | Lair:1   | Offered knowledge of Orb of Destruction by Vehumet.
 14778 | Lair:2   | Noticed an eight-headed hydra
 14780 | Lair:2   | Killed an eight-headed hydra
 15100 | Lair:2   | Found a staircase to the Shoals.
 15868 | Lair:3   | Noticed a four-headed hydra
 15875 | Lair:3   | Killed a four-headed hydra
 16075 | Lair:3   | Gained mutation: You can hop long distances. [Barachi
                  | growth]
 16075 | Lair:3   | Reached XP level 13. HP: 85/99 MP: 25/25
 16497 | Lair:3   | Found a hole to the Spider Nest.
 17322 | Lair:4   | Reached skill level 10 in Shields
 17577 | Lair:4   | Found a runed translucent gate.
 17578 | Lair:4   | Found a runed translucent gate.
 17579 | Lair:4   | Found a runed translucent gate.
 17579 | Lair:4   | Noticed TrebMcFLY's ghost (journeyman OpFi)
 17945 | Lair:5   | Got a crude falchion
 17979 | Lair:5   | Found a staircase to the Slime Pits.
 18218 | Lair:5   | Identified the cursed +1 falchion "Qyez" {pain, *Contam
                  | Fragile rElec Stlth+} (You found it on level 5 of the Lair
                  | of Beasts)
 18575 | Lair:5   | Reached skill level 10 in Fighting
 18823 | Lair:6   | Entered Level 6 of the Lair of Beasts
 19332 | Lair:6   | Reached XP level 14. HP: 93/111 MP: 26/26
 19745 | Lair:6   | Reached skill level 15 in Dodging
 20702 | D:11     | Found a gate leading to a gauntlet.
 20704 | D:11     | Offered knowledge of Bolt of Magma by Vehumet.
 20730 | Gauntlet | Entered a Gauntlet
 20730 | Gauntlet | Found a transporter.
 20730 | Gauntlet | Found a transporter.
 20733 | Gauntlet | Found a transporter.
 20733 | Gauntlet | Found a transporter.
 20740 | Gauntlet | Found a transporter.
 20745 | Gauntlet | Found a transporter.
 20767 | Gauntlet | Found a transporter.
 20773 | Gauntlet | Found a transporter.
 20773 | Gauntlet | Found a transporter.
 20795 | Gauntlet | Found a transporter.
 20832 | Gauntlet | Found a transporter.
 20840 | Gauntlet | Found a transporter.
 20861 | Gauntlet | Found a transporter.
 20867 | Gauntlet | Found a transporter.
 20952 | Gauntlet | Found a transporter.
 20971 | Gauntlet | Found a transporter.
 21581 | D:11     | Identified the +1 lajatang of Focus {flame, *Contam rElec
                  | Int+2 Dex+3} (You acquired it on level 11 of the Dungeon)
 21819 | D:11     | Found Keptulij's Antique Armour Emporium.
 21828 | D:11     | Bought a wizard robe for 125 gold pieces
 21828 | D:11     | Identified the +2 robe of the Gloaming {rN+} (You bought it
                  | in a shop on level 11 of the Dungeon)
 22938 | D:13     | Found a gate to the Vaults.
 23153 | D:13     | Learned a level 5 spell: Bolt of Magma
 23161 | D:13     | Reached XP level 15. HP: 122/122 MP: 25/27
 23402 | D:13     | Offered knowledge of Spellforged Servitor by Vehumet.
 23428 | D:13     | Reached ****** piety under Vehumet
 23428 | D:13     | Reached skill level 15 in Shields
 24350 | D:14     | Found a runed translucent gate.
 24350 | D:14     | Found a runed translucent gate.
 24350 | D:14     | Found a runed translucent gate.
 24356 | D:14     | Noticed Arphuebamu's ghost (journeyman TrTm)
 24675 | D:14     | Identified the Collected Works on Venom and Fire
 24770 | D:14     | Killed Arphuebamu's ghost
 24814 | D:15     | Entered Level 15 of the Dungeon
 24906 | D:15     | Noticed Jorgrun
 24934 | D:15     | Killed Jorgrun
 24934 | D:15     | Reached skill level 15 in Fighting
 25107 | D:15     | Learned a level 4 spell: Summon Lightning Spire
 25165 | D:15     | Reached skill level 1 in Staves
 25381 | D:15     | Found a staircase to the Depths.
 25907 | D:15     | Offered knowledge of Irradiate by Vehumet.
 25907 | D:15     | Reached skill level 5 in Evocations
 26025 | D:15     | Learned a level 5 spell: Irradiate
 26152 | Elf:1    | Entered Level 1 of the Elven Halls
 26160 | Elf:1    | Reached XP level 16. HP: 136/136 MP: 28/28
 26334 | Elf:1    | Found Jashroups's Gadget Shoppe.
 26486 | Elf:1    | Found Jucocod's Book Shoppe.
 26504 | Elf:1    | Found Owuhavam's Gadget Shoppe.
 26541 | Elf:1    | Found Mumualam's Antique Weapon Shoppe.
 26571 | Elf:1    | Reached skill level 10 in Spellcasting
 26668 | Elf:1    | Reached skill level 12 in Earth Magic
 26932 | Elf:1    | Found Modedy's General Store.
 26933 | Elf:1    | Noticed Azrael
 26944 | Elf:1    | Killed Azrael
 27126 | Elf:1    | Bought a scroll of enchant armour for 105 gold pieces
 27126 | Elf:1    | Bought a scroll of fear for 49 gold pieces
 27126 | Elf:1    | Bought a potion of heal wounds for 70 gold pieces
 27139 | Elf:1    | Reached skill level 13 in Earth Magic
 27577 | Elf:2    | Reached skill level 14 in Earth Magic
 27695 | Elf:2    | Offered knowledge of Iron Shot by Vehumet.
 27900 | Elf:2    | Found a runed translucent gate.
 27900 | Elf:2    | Found a runed translucent gate.
 27900 | Elf:2    | Found a runed translucent gate.
 27942 | Elf:2    | Found Hociysat's Antique Weapon Shoppe.
 27952 | Elf:2    | Learned a level 6 spell: Iron Shot
 28051 | Elf:2    | Found a portal to a secret trove of treasure.
 28233 | Elf:3    | Entered Level 3 of the Elven Halls
 28294 | Elf:3    | Reached XP level 17. HP: 142/142 MP: 31/31
 28309 | Elf:3    | Reached skill level 15 in Earth Magic
 28438 | Elf:3    | Found Fodghiwi's Jewellery Shop.
 28609 | Elf:3    | Reached skill level 16 in Earth Magic
 28843 | Elf:3    | Noticed a deep elf blademaster
 28851 | Elf:3    | Killed a deep elf blademaster
 28884 | Elf:3    | Identified the cursed +0 chain mail "Fyommyuss" {MP+9
                  | Int+3}
 28886 | Elf:3    | Noticed a deep elf master archer
 28888 | Elf:3    | Killed a deep elf master archer
 28913 | Elf:3    | Got a faintly glowing quarterstaff
 29004 | Elf:3    | Noticed a deep elf blademaster
 29009 | Elf:3    | Killed a deep elf blademaster
 29009 | Elf:3    | Reached skill level 17 in Earth Magic
 29011 | Elf:3    | Noticed a deep elf master archer
 29016 | Elf:3    | Killed a deep elf master archer
 29110 | Elf:3    | Got a jewelled shortbow
 29121 | Elf:3    | Identified the Almanac of the Captivating Rocks
 29147 | Elf:3    | Identified the Papyrus of Dusty Creation
 29344 | Elf:3    | Found a radiant altar of Vehumet.
 29593 | Elf:2    | Offered knowledge of Iskenderun's Battlesphere by Vehumet.
 29734 | Elf:2    | Reached XP level 18. HP: 149/149 MP: 14/32
 29736 | Elf:2    | Reached skill level 18 in Earth Magic
 30311 | D:9      | Learned a level 9 spell: Shatter
 30448 | Spider:1 | Entered Level 1 of the Spider Nest
 30448 | Spider:1 | Noticed Rupert
 30463 | Lair:3   | Killed Rupert
 31869 | Spider:2 | Noticed Nikola
 31873 | Spider:2 | Killed Nikola
 32759 | Spider:2 | Reached skill level 19 in Earth Magic
 32787 | Spider:2 | Offered knowledge of Starburst by Vehumet.
 34107 | Spider:3 | Gained mutation: Your body sometimes deteriorates upon
                  | taking damage. [mutagenic glow]
 34583 | Spider:4 | Entered Level 4 of the Spider Nest
 34586 | Spider:4 | Reached skill level 20 in Earth Magic
 34642 | Spider:3 | Reached XP level 19. HP: 73/155 MP: 13/35
 34923 | Spider:4 | Reached XP level 20. HP: 162/162 MP: 16/36
 35618 | Spider:4 | Got a gossamer rune of Zot
 36354 | Shoals:1 | Entered Level 1 of the Shoals
 36387 | Shoals:1 | Found a runed translucent door.
 36387 | Shoals:1 | Found a shimmering altar of Xom.
 36387 | Shoals:1 | Noticed Avuolin's ghost (adept HaHu)
 36409 | Shoals:1 | Killed Avuolin's ghost
 36443 | Shoals:1 | Learned a level 5 spell: Borgnjor's Vile Clutch
 36448 | Shoals:1 | Learned a level 4 spell: Leda's Liquefaction
 36892 | Shoals:1 | Reached skill level 5 in Staves
 37106 | Shoals:2 | Identified the +9 dagger of Quarghau {freeze, rC+}
 37108 | Shoals:2 | Identified the +8 mace of Conscience {flame, Str+3 Int+2}
 37862 | Shoals:3 | Noticed Polyphemus
 37882 | Shoals:3 | Killed Polyphemus
 37893 | Shoals:3 | Noticed Ilsuiw
 37899 | Shoals:3 | Killed Ilsuiw
 38152 | Shoals:3 | Reached skill level 10 in Staves
 38638 | Shoals:4 | Entered Level 4 of the Shoals
 38638 | Shoals:4 | Noticed Bai Suzhen
 38651 | Shoals:4 | Killed Bai Suzhen
 38651 | Shoals:4 | Reached XP level 21. HP: 131/168 MP: 39/39
 38669 | Shoals:4 | Identified Roxanne's Collected Works on Clay
 38669 | Shoals:4 | Noticed Roxanne
 39026 | Shoals:4 | Killed Roxanne
 39273 | Shoals:3 | Gained mutation: Your body often deteriorates upon taking
                  | damage. [mutagenic glow]
 39703 | Shoals:4 | Identified the Grimoire of Supportive Transmutation
 39718 | Shoals:4 | Identified the +2 leather armour of Suakkiog {rElec rC-
                  | Dex+7 Stlth+}
 39781 | Shoals:4 | Got a barnacled rune of Zot
 40166 | Shoals:4 | Identified the Almanac of Fiery Hexes
 40502 | Vaults:1 | Entered Level 1 of the Vaults
 40523 | Vaults:1 | Reached skill level 10 in Evocations
 40641 | Vaults:1 | Noticed Donald
 40643 | Vaults:1 | Killed Donald
 41895 | Vaults:2 | Reached XP level 22. HP: 103/175 MP: 40/40
 41897 | Vaults:2 | Identified the cursed +0 flail "Ucacw" {venom, MR+++ Str-4
                  | Dex+3 SInv}
 41903 | Vaults:2 | Reached skill level 21 in Earth Magic
 41907 | Vaults:2 | Found a staircase to the Crypt.
 41920 | Vaults:2 | Reached skill level 15 in Spellcasting
 42722 | Crypt:1  | Entered Level 1 of the Crypt
 42745 | Crypt:1  | Reached skill level 22 in Earth Magic
 42780 | Crypt:1  | Noticed Aizul
 42783 | Crypt:1  | Killed Aizul
 43160 | Crypt:1  | Got a pair of translucent boots
 43502 | Crypt:1  | Got a steaming robe
 43782 | Crypt:2  | Reached XP level 23. HP: 181/181 MP: 25/42
 43898 | Crypt:2  | Got a polished chain mail
 43901 | Crypt:2  | Identified the cursed -1 pair of boots of the Mackerel {rN+
                  | Str+6} (You found it on level 1 of the Crypt)
 43903 | Crypt:2  | Identified the +6 chain mail of the Shore {rElec rN+++
                  | Str-3} (You found it on level 2 of the Crypt)
 43905 | Crypt:2  | Identified the +2 robe "Jelilit" {rElec Str-4 Dex-2 SInv}
                  | (You found it on level 1 of the Crypt)
 43908 | Crypt:2  | Identified the +0 buckler "Legac" {+Inv rF+ rN+ Str+3} (You
                  | acquired it on level 2 of the Crypt)
 44940 | Crypt:3  | Entered Level 3 of the Crypt
 45139 | Crypt:3  | Noticed an ancient lich
 45143 | Crypt:3  | Killed an ancient lich
 45143 | Crypt:3  | Reached skill level 23 in Earth Magic
 45397 | Crypt:3  | Noticed an ancient lich
 45422 | Crypt:3  | Killed an ancient lich
 45427 | Crypt:3  | Noticed a curse toe
 45443 | Crypt:3  | Killed a curse toe
 45889 | Crypt:3  | Killed an ancient lich
 45906 | Crypt:3  | Identified the Collected Works on Stolen Souls
 46032 | Crypt:3  | Found a staircase to the Tomb.
 46039 | Tomb:1   | Entered Level 1 of the Tomb of the Ancients
 46053 | Tomb:1   | Noticed a greater mummy
 46056 | Tomb:1   | Noticed a greater mummy
 46058 | Tomb:1   | Noticed a greater mummy
 46058 | Tomb:1   | Noticed a greater mummy
 46060 | Tomb:1   | Killed a greater mummy
 46060 | Tomb:1   | Killed a greater mummy
 46062 | Tomb:1   | Killed a greater mummy
 46062 | Tomb:1   | Reached skill level 24 in Earth Magic
 46062 | Tomb:1   | Noticed a greater mummy
 46063 | Tomb:1   | Killed a greater mummy
 46063 | Tomb:1   | Noticed a greater mummy
 46483 | Tomb:1   | Killed a greater mummy
 46483 | Tomb:1   | Reached XP level 24. HP: 188/188 MP: 44/44
 46483 | Tomb:1   | Killed a greater mummy
 46485 | Tomb:1   | Noticed a greater mummy
 46485 | Tomb:1   | Noticed a greater mummy
 46486 | Tomb:1   | Noticed a greater mummy
 46488 | Tomb:1   | Killed a greater mummy
 46488 | Tomb:1   | Killed a greater mummy
 46488 | Tomb:1   | HP: 8/188 [something (26)]
 46488 | Tomb:1   | Killed by a greater mummy's death curse

Levels and vault maps discovered:
D:1:      psy_arrival_spokes, layout_basic
D:2:      layout_rooms, overflow_temple_1_default, roderic_lattice_a,
          serial_bayou_ford_a, grunt_gozag_breadcrumbs
D:3:      layout_basic, due_unseen_surprise
D:4:      layout_basic, hex_large, uniq_blork_the_orc
D:5:      layout_cave_pods, first_ration
D:6:      layout_loops_ring, minmay_temple_entry_glass, st_stairs_2,
          minmay_circle_x
D:7:      layout_gridville, the_bakery
D:8:      layout_rooms, due_lair_maze_entry_diamond
D:9:      wad_pebble_path, layout_basic
D:10:     layout_basic, orc_0_dummy, okawaru_ov_weapons_minmay, uniq_psyche
D:11:     layout_loops_ring, gauntlet_entry_generic, serial_shops, shop
D:12:     layout_rooms
D:13:     layout_loops_cross, david_vaults_3
D:14:     cheibrodos_lost_city_excavation, layout_irregular_city,
          gammafunk_ghost_necromancy, minmay_misc_feat_five, minmay_liquid_box
D:15:     gammafunk_depths_entry_grave, layout_basic, minmay_fountain_box,
          minmay_splitting_lines, minivault_16, serial_bayou_lagoon_a,
          uniq_jorgrun
Temple:   compressed_dpeg_circular_temple
Lair:1:   layout_cave_pods, st_stairs_8, uniq_harold
Lair:2:   statuecave_lemuel, layout_hall_layers, shoals_dummy_entry,
          serial_bayou_crossing
Lair:3:   layout_cave_pods, nicolae_spider_entry_non_spiders, bh_chokoban,
          infiniplex_staircase_pool, minmay_lair_oklob_chamber
Lair:4:   layout_regular_city, ebering_ghost_rock_garden,
          grunt_forest_large_clearings
Lair:5:   layout_cave_pods, minmay_slime_entry_pillars
Lair:6:   evilmike_catoblepas_cave, layout_gridlike,
          chequers_serial_rivers_room_b, hibernation_bobbens
Shoals:1: layout_shoals, ebering_ghost_xom
Shoals:2: layout_shoals, overgrown_tower
Shoals:3: layout_shoals, nicolae_shoals_isolated_beach, uniq_ilsuiw,
          uniq_polyphemus
Shoals:4: shoals_end_simple, layout_shoals, shoal_ilsuiw, uniq_bai_suzhen,
          uniq_roxanne
Spider:1: layout_chambers, uniq_rupert
Spider:2: layout_spider_delve, uniq_nikola
Spider:3: layout_spider_delve, nicolae_spider_cling_halls
Spider:4: guppyfry_spider_rune
Orc:1:    layout_caves
Orc:2:    st_orc_mages, layout_caves
Elf:1:    minmay_elf_arrival_circle, layout_gridlike, serial_shops, shop_statue,
          shop_fountains, shop, nicolae_shop_temple_entry_statues_fountains,
          shop, hangedman_elf_represent, st_stairs_13, uniq_azrael
Elf:2:    layout_onion_city, nicolae_trove_entry_diagonal, serial_shops, shop,
          drop_trap
Elf:3:    elf_hall_gauntlet_wide, layout_geoelf_octagon, basic_altar,
          serial_shops, nicolae_shop_waterfront, st_stairs_11
Vaults:1: hangedman_vaults_hat, nicolae_vaults_little_squares_1,
          hangedman_vaults_nodes, hangedman_vaults_trim,
          vaults_standard_mumra_x, v_misc_32, ontoclasm_vaults_chip,
          nicolae_vaults_gold_heap, nicolae_vaults_murderbox,
          layout_vaults_big_room, uniq_donald
Vaults:2: nicolae_vaults_twisting_passages, minmay_crypt_entry_simple_walls,
          ontoclasm_vaults_idyll, ontoclasm_vaults_eye, vaults_dpeg_doors,
          vaults_mumra_bighexcomb, ontoclasm_vaults_hangar, v_misc_14,
          v_pattern_2, nicolae_vaults_asterisk, grunt_vaults_funnel,
          layout_vaults_ring
Crypt:1:  layout_chaotic_city, grunt_megastairs_3, grunt_crypt_arrival_webbed,
          roderic_lattice_octagonal_star, uniq_aizul
Crypt:2:  layout_catacombs, nicolae_crypt_niches
Crypt:3:  david_glass_crypt, layout_chaotic_city,
          nicolae_tomb_entry_unfolded_pyramid_orthogonal
Tomb:1

Skill      XL: |  1  2  3  4  5  6  7  8  9 10 11 12 13 14 15 16 17 18 19 20 21 22 23 |
---------------+----------------------------------------------------------------------+-----
Earth Magic    | 4 5 6 7 9 10 11 14 17 20 22 24 | 24.5
Spellcasting   | 3 4 5 6 7 8 10 12 14 15 17 | 17.3
Evocations     | 1 2 5 10 | 10.0
Stealth        | 2 |  2.0
Dodging        | 3 5 8 12 13 14 15 | 15.0
Fighting       | 6 8 10 12 15 | 15.0
Transmutations | 2 |  2.0
Shields        | 4 8 11 14 15 | 15.0
Staves         | 4 11 12 | 12.0

Action                   |  1- 3 |  4- 6 |  7- 9 | 10-12 | 13-15 | 16-18 | 19-21 | 22-24 || total
-------------------------+-------+-------+-------+-------+-------+-------+-------+-------++-------
Melee: Spear             |    42 |       |       |       |       |       |       |       ||    42
       Unarmed           |     4 |       |       |       |       |       |       |       ||     4
       Whip              |    29 |       |       |       |       |       |       |       ||    29
       Mace              |     4 |       |   194 |       |       |       |       |       ||   198
       Trident           |    24 |    64 |    38 |   167 |   159 |       |       |       ||   452
       Battleaxe         |       |    68 |    26 |       |       |       |       |       ||    94
       War axe           |       |       |    20 |     1 |       |       |       |       ||    21
       Staff             |       |       |       |       |    17 |   107 |   204 |   175 ||   503
Throw: Dart              |    18 |     5 |    31 |     3 |       |     1 |       |       ||    58
       Stone             |       |     1 |       |       |       |       |       |       ||     1
 Cast: Sandblast         |    18 |    40 |    48 |    25 |    42 |     5 |       |       ||   178
       Passwall          |     8 |       |       |    18 |     7 |     2 |       |       ||    35
       Lee's Rapid Decon |       |       |    38 |   228 |   439 |   249 |    22 |    12 ||   988
       Petrify           |       |       |     1 |    30 |    39 |     4 |     1 |       ||    75
       Bolt of Magma     |       |       |       |       |     1 |     5 |       |       ||     6
       Iron Shot         |       |       |       |       |       |    48 |   114 |    83 ||   245
       Irradiate         |       |       |       |       |       |     3 |     1 |     1 ||     5
       Shatter           |       |       |       |       |       |    25 |    76 |    80 ||   181
       Borgnjor's Vile C |       |       |       |       |       |       |     8 |     4 ||    12
 Abil: Hop               |     1 |       |     1 |     2 |     3 |     2 |       |       ||     9
Evoke: Wand              |       |       |       |     4 |     3 |       |       |       ||     7
  Use: Scroll            |     7 |       |    11 |     6 |    20 |     6 |     3 |     7 ||    60
       Potion            |     1 |     2 |       |       |     6 |     3 |       |     1 ||    13
 Stab: Sleeping          |     1 |       |     9 |       |     1 |     1 |       |       ||    12
       Distracted        |       |       |     1 |       |       |       |       |       ||     1
       Petrified         |       |       |       |    26 |     8 |       |       |       ||    34
  Eat: Chunk             |     2 |     7 |    30 |    48 |    79 |    53 |    65 |    12 ||   296
       Ration            |       |       |       |     4 |     7 |    10 |     7 |    15 ||    43
Armor: Robe              |    21 |       |       |    15 |    76 |    51 |    60 |    16 ||   239
       Leather armour    |     9 |    71 |   149 |    14 |       |       |       |       ||   243
Dodge: Dodged            |    78 |   124 |   267 |   145 |   190 |   159 |   185 |    84 ||  1232
Block: Buckler           |       |       |       |    30 |       |       |       |       ||    30
       Kite shield       |       |       |       |     1 |   309 |   208 |   249 |    97 ||   864

Table legend:
 A = Non-vault XP
 B = Vault XP
 C = Vault XP percentage of total XP
 D = Non-vault monster count
 E = Vault monster count
 F = Vault count percentage of total count
                 A         B        C        D         E       F
            +---------+---------+-------+---------+---------+-------
      Total |  412614 |  366629 |  47.0 |    1171 |     476 |  28.9
            +---------+---------+-------+---------+---------+-------
        D:1 |      30 |       0 |   0.0 |      18 |       0 |   0.0
        D:2 |      83 |       0 |   0.0 |      27 |       0 |   0.0
        D:3 |      41 |       0 |   0.0 |      15 |       0 |   0.0
        D:4 |     357 |      96 |  21.2 |      30 |       1 |   3.2
        D:5 |     514 |       0 |   0.0 |      22 |       0 |   0.0
        D:6 |     538 |     270 |  33.4 |      12 |       6 |  33.3
        D:7 |     986 |     211 |  17.6 |      18 |       1 |   5.3
        D:8 |     860 |    1893 |  68.8 |      18 |       9 |  33.3
        D:9 |     940 |       0 |   0.0 |      16 |       0 |   0.0
       D:10 |    1459 |     404 |  21.7 |      18 |       1 |   5.3
       D:11 |    3672 |       0 |   0.0 |      39 |       0 |   0.0
       D:12 |    4453 |       0 |   0.0 |      21 |       0 |   0.0
       D:13 |    7717 |    5804 |  42.9 |      28 |      20 |  41.7
       D:14 |    3555 |    6849 |  65.8 |      17 |      15 |  46.9
       D:15 |    9246 |    8698 |  48.5 |      33 |      10 |  23.3
     Lair:1 |    4779 |      85 |   1.7 |      22 |       1 |   4.3
     Lair:2 |    3498 |       0 |   0.0 |      16 |       0 |   0.0
     Lair:3 |    3700 |    5661 |  60.5 |      20 |      13 |  39.4
     Lair:4 |    4999 |    2618 |  34.4 |      20 |      15 |  42.9
     Lair:5 |    5205 |     606 |  10.4 |      15 |       4 |  21.1
     Lair:6 |    9468 |   11560 |  55.0 |      38 |      24 |  38.7
   Shoals:1 |    8018 |    2875 |  26.4 |      15 |       2 |  11.8
   Shoals:2 |   16803 |       0 |   0.0 |      36 |       0 |   0.0
   Shoals:3 |   10046 |   13288 |  56.9 |      19 |      17 |  47.2
   Shoals:4 |   15233 |   34994 |  69.7 |      35 |      44 |  55.7
   Spider:1 |    7151 |       0 |   0.0 |      24 |       0 |   0.0
   Spider:2 |   12871 |    3673 |  22.2 |      32 |       1 |   3.0
   Spider:3 |   24770 |     289 |   1.2 |      66 |       1 |   1.5
   Spider:4 |   19699 |   22931 |  53.8 |      57 |      40 |  41.2
      Orc:1 |    3101 |       0 |   0.0 |      34 |       0 |   0.0
      Orc:2 |    1198 |    5609 |  82.4 |      20 |      38 |  65.5
      Elf:1 |   26373 |   11995 |  31.3 |      41 |      23 |  35.9
      Elf:2 |   18532 |   21821 |  54.1 |      40 |      28 |  41.2
      Elf:3 |   12208 |   36722 |  75.1 |      22 |      26 |  54.2
   Vaults:1 |   24477 |   21080 |  46.3 |      44 |      28 |  38.9
   Vaults:2 |   49254 |   22512 |  31.4 |      77 |      28 |  26.7
    Crypt:1 |   37687 |    5353 |  12.4 |      59 |       7 |  10.6
    Crypt:2 |   22257 |       0 |   0.0 |      41 |       0 |   0.0
    Crypt:3 |   30985 |   40698 |  56.8 |      34 |      28 |  45.2
     Tomb:1 |    5851 |   72198 |  92.5 |      12 |      31 |  72.1
   Gauntlet |       0 |    5836 | 100.0 |       0 |      14 | 100.0
            +---------+---------+-------+---------+---------+-------
